 Dungeon Crawl Stone Soup version 0.31-a0-1009-g454b1f1e0a (webtiles) character file.

Game seed: 18390906250017678840

2 Azuregosa the Sneak (level 1, 0/16 HPs)
             Began as an Octopode Delver on Nov 15, 2023.
             Was an Initiate of Gozag.
             Slain by an orc wizard
             ... wielding a +0 dagger
              (4 damage)
             ... on level 4 of the Dungeon.
             The game lasted 00:02:03 (265 turns).

Azuregosa the Sneak (Octopode Delver)                Turns: 265, Time: 00:02:04

Health: 0/16       AC:  1    Str: 11    XL:     1   Next: 30%
Magic:  1/1        EV: 13    Int: 12    God:    Gozag
Gold:   32         SH:  0    Dex: 13    Spells: 0/0 levels left

rFire   . . .        k - +0 morningstar
rCold   . . .        (no shield)
rNeg    . . .        (helmet restricted)
rPois   .            (no amulet)
rElec   .            (no ring)
rCorr   .            (no ring)
SInv    .            (no ring)
Will    .....        (no ring)
Stlth   ++++         (no ring)
HPRegen 0.22/turn    (no ring)
MPRegen 0.07/turn    (no ring)
                     (no ring)

%: no passive effects
@: no status effects
A: almost no armour, amphibious, 8 rings, camouflage 1, gelatinous body 1,
(nimble swimmer 1), tentacles
a: Renounce Religion, Potion Petition, Call Merchant, Bribe Branch


You were on level 4 of the Dungeon.
You worshipped Gozag.
Gozag was noncommittal.
You visited 2 branches of the dungeon, and saw 4 of its levels.

You collected 85 gold pieces.
You paid 53 gold pieces to Gozag.

Inventory:

Hand Weapons
 f - a +0 quarterstaff
 k - a +0 morningstar (weapon)
Missiles
 l - 4 stones
Wands
 e - a wand of digging (3)
Scrolls
 a - a scroll of fog
 c - a scroll of fear
 i - a scroll of poison {unknown}
Potions
 b - a potion of lignification {unknown}
 d - a potion of haste
 g - a potion of might {unknown}
 h - a potion of invisibility {unknown}
 j - a potion of brilliance {unknown}


   Skills:
 - Level 3.0 Fighting
 - Level 2.0 Dodging
 + Level 6.7 Stealth
 - Level 2.0 Unarmed Combat


You couldn't memorise any spells.
You didn't know any spells.
Your spell library contained the following spells:

 Spells                   Type           Power      Damage    Failure   Level
 Summon Lightning Spire   Summ/Air       0%         N/A       97%         4
 Lee's Rapid Deconstruct  Erth           0%         3d4*      100%        5
 Animate Armour           Summ/Erth      Unusable   N/A       N/A         4

Dungeon Overview and Level Annotations

Branches:
Dungeon (6/15)             Temple (1/1) D:4

Altars:
Ashenzari
Cheibriados
Dithmenos
Elyvilon
Fedhas
Gozag
Hepliaklqana
Kikubaaqudgha
Makhleb
Nemelex Xobeh
Okawaru
Qazlal
Sif Muna
Trog
Vehumet
Wu Jian
Zin
The Shining One


Innate Abilities, Weirdness & Mutations

You cannot wear most types of armour.
You are amphibious.
You can wear up to eight rings at the same time.
Your skin changes colour to match your surroundings (Stealth+).
Your rubbery body absorbs attacks. (AC +1, EV +1)
((You are camouflaged when in or above water. (Stealth+)))
You have tentacles for arms and can constrict up to eight enemies at once.


Message History

There is an opulent altar of Gozag here.
You curl up in front of the altar of Gozag.
Gozag welcomes you!
You pay a service fee of 53 gold.
There is a glowing golden altar of the Shining One here.
There is a staircase back to the Dungeon here.
You climb upwards.
There is a staircase to the Ecumenical Temple here.
Found a morningstar.
Found a whip.
Found an escape hatch in the floor.
You see here a +0 morningstar.
k - a +0 morningstar
k - a +0 morningstar (weapon)
Found 4 stones.
An orc comes into view. It is wielding a +0 flail.
You see here 16 gold pieces.
You now have 32 gold pieces (gained 16).
You see here 4 stones.
l - 4 stones An orc wizard comes into view.
It is wielding a +0 dagger.
The orc shouts!
An orc comes into view. It is wielding a +0 trident.
An orc comes into view. It is wielding a +0 mace.
Found a stone staircase leading up.
The orc closely misses you.
You barely miss the orc.
The orc wizard shouts!
The orc shouts! x2
You grab the orc. You squeeze the orc.
The orc is moderately wounded.
You constrict the orc. The orc hits you with a +0 flail!
Ouch! That really hurt!
The orc escapes!
The orc misses you. The orc closely misses you.
The orc wizard attacks as it pursues you!
The orc wizard hits you with a +0 dagger.
* * * LOW HITPOINT WARNING * * *
The orc wizard attacks as it pursues you!
The orc wizard hits you with a +0 dagger.
You die...
Your body crumbles into a pile of gold.

####>#.#.# #.#..# #
######.#.#.###.#..#
#............)....#
#..........###.....
######.....###..#.#
#..##......#.#
#..##......#.#
#...+......#.#
#..##...@..#.######
#........o........#
##.#######.o......#
# #.o......#
#o.......+ ..#
##.......# ...
.........#
...........# ..h
.............# ...


You could see an orc wizard and 2 orcs.

Vanquished Creatures
  A quokka (D:5)
  A kobold (D:4)
2 creatures vanquished.

Notes
Turn   | Place    | Note
-------+----------+-------------------------------------------
     0 | D:5      | Azuregosa the Octopode Delver began the quest for the Orb.
     0 | D:5      | Reached XP level 1. HP: 16/16 MP: 1/1
     5 | D:5      | Noticed a jelly
    14 | D:4      | Noticed a hound
    14 | D:4      | Noticed an orc wizard
    14 | D:4      | Noticed an orc wizard
   183 | D:4      | Found a staircase to the Ecumenical Temple.
   199 | Temple   | Entered the Ecumenical Temple
   211 | Temple   | Became a worshipper of Gozag Ym Sagoz the Greedy
   258 | D:4      | Noticed an orc wizard
   265 | D:4      | Slain by an orc wizard

Illustrated notes

Levels and vault maps discovered:
D:4:      layout_basic, minmay_temple_entry_offerings
D:5:      layout_basic, serial_shops, shop_fountains
D:6:      layout_gridville, uniq_menkaure
Temple:   dpeg_three_leaves_temple

Action                     || total
---------------------------++-------
  Melee: Unarmed           ||     5
         Tentacles         ||     3
         Constrict         ||     2
         Morningstar       ||     1
    Use: Scroll            ||     1
   Stab: Sleeping          ||     2
 Armour: Skin              ||     3
  Dodge: Dodged            ||     6

Table legend: (Time is in decaauts)
 A = Elapsed time spent in this place.
 B = Non-inter-level travel time spent in this place.
 C = Inter-level travel time spent in this place.
 D = Time resting spent in this place.
 E = Time spent auto-exploring this place.
 F = Levels seen in this place.
 G = Mean time per level.
                   A        B        C        D        E       F      G
               +--------+--------+--------+--------+--------+-----+--------+
         Total |    265 |    265 |      0 |      0 |     39 |   4 |   66.2 |
       Dungeon |    240 |    240 |      0 |      0 |     39 |   3 |   80.0 |
        Temple |     24 |     24 |      0 |      0 |      0 |   1 |   24.0 |
               +--------+--------+--------+--------+--------+-----+--------+

Top non-repeatable levels by time:
     D:5: 174 daAuts
     D:4: 63 daAuts
  Temple: 24 daAuts
     D:6: 1 daAuts
